 Dungeon Crawl Stone Soup version 0.21-a0-442-g848f44b (webtiles) character file.

16 slep the Poker (level 2, 0/27 HPs)
             Began as a Minotaur Wanderer on Nov 17, 2017.
             Slain by a kobold
             ... wielding a +0 short sword
              (4 damage)
             ... on level 1 of the Dungeon.
             The game lasted 00:02:56 (308 turns).

slep the Poker (Minotaur Wanderer)                   Turns: 308, Time: 00:02:57

Health: 0/27       AC:  2    Str: 16    XL:     2   Next: 41%
Magic:  1/1        EV: 16    Int:  9    God:
Gold:   15         SH:  0    Dex: 14    Spells: 1/1 levels left

rFire    . . .     SeeInvis .   e - +1 mace (holy)
rCold    . . .     Gourm    .   (no shield)
rNeg     . . .     Faith    .   d - +0 robe
rPois    .         Spirit   .   (helmet restricted)
rElec    .         Reflect  .   (no cloak)
rCorr    .         Harm     .   (no gloves)
MR       .....                  (no boots)
Stlth    +++.......             (no amulet)
HPRegen  0.09/turn              (no ring)
MPRegen  0.07/turn              (no ring)

@: agile
A: retaliatory headbutt, horns 2
a: no special abilities


You were on level 1 of the Dungeon.
You were not hungry.

You visited 1 branch of the dungeon, and saw 1 of its levels.

You collected 15 gold pieces.

Inventory:

Hand Weapons
 a - a +2 spear
 e - a +1 mace of holy wrath (weapon)
 j - a +0 whip of venom
Missiles
 i - 50 stones (quivered)
Armour
 d - a +0 robe (worn)
Scrolls
 c - 2 scrolls of teleportation
 l - a scroll of noise {unknown}
Potions
 g - a potion of agility
 h - a potion of magic
Comestibles
 f - a bread ration
 k - 3 chunks of flesh


   Skills:
 + Level 3.9 Fighting
   Level 2.1 Short Blades
 + Level 4.2 Polearms
 + Level 1.2 Throwing
 + Level 1.0 Stealth


You had one spell level left.
You didn't know any spells.

Dungeon Overview and Level Annotations

Branches:
Dungeon (1/15)

Altars:


Innate Abilities, Weirdness & Mutations

You reflexively headbutt those who attack you in melee.
You have a pair of horns on your head.


Message History

The ball python grabs you.
* * * LOW HITPOINT WARNING * * *
The ball python constricts you.
You hit the ball python.
You kill the ball python!
The rat bites you.
* * * LOW HITPOINT WARNING * * *
It was a potion of agility.
You feel agile all of a sudden. The rat bites you but does no damage.
It was a potion of magic.
Magic courses through your body. The rat bites you.
* * * LOW HITPOINT WARNING * * *
You feel better. The rat misses you.
You sock the rat!
You kill the rat!
You closely miss the kobold. The kobold hits you with a short sword.
* * * LOW HITPOINT WARNING * * *
You barely miss the kobold. Your headbutt misses the kobold.
The kobold barely misses you. The kobold hits you with a short sword.
You die...

........#
...#.......†#.....
......^..
...........#.####
........#
#...........#
........##
##........###
....g....##
##........#
########Kr###
#.........# ##g..#
#.........#
###.####.........#
#.gK@..#########
########


You could see a goblin and a kobold.

Vanquished Creatures
  3 bats (D:1)
  A goblin (D:1)
  3 hobgoblins (D:1)
  4 kobolds (D:1)
  A ball python (D:1)
  2 frilled lizards (D:1)
  2 rats (D:1)
16 creatures vanquished.

Notes
Turn   | Place    | Note
-------+----------+-------------------------------------------
     0 | D:1      | slep the Minotaur Wanderer began the quest for the Orb.
     0 | D:1      | slep set off with: a +2 spear, a potion of curing, a scroll of teleportation, a +0 robe, a bread ration
     0 | D:1      | Reached XP level 1. HP: 19/19 MP: 0/0
   126 | D:1      | Reached skill level 4 in Polearms
   129 | D:1      | Reached XP level 2. HP: 8/27 MP: 1/1
   304 | D:1      | HP: 1/27 [rat (1)]
   308 | D:1      | Slain by a kobold

Vault maps used:
D:1:      saegor_arrival_under_anarchy

Skill      XL: |  1 |
---------------+----+-----
Polearms       | 4 |  4.2
Fighting       | |  3.9
Short Blades   | |  2.1
Throwing       | |  1.2
Stealth        | |  1.0

Action                   || total
-------------------------++-------
Melee: Mace              ||    25
       Spear             ||     1
       Headbutt          ||     2
Throw: Stone             ||    23
  Use: Potion            ||     3
 Stab: Sleeping          ||     1
Armor: Robe              ||    12
Dodge: Dodged            ||    27

Table legend:
 A = Spawn XP
 B = Non-spawn XP
 C = Spawn XP percentage of total XP
 D = Spawn monster count
 E = Non-spawn monster count
 F = Spawn count percentage of total count
 G = Total turns spent on level
                    A         B        C        D         E        F      G
               +---------+---------+-------+---------+---------+-------+---------
         Total |       0 |      24 |   0.0 |       0 |      16 |   0.0 |   308
               +---------+---------+-------+---------+---------+-------+---------
           D:1 |       0 |      24 |   0.0 |       0 |      16 |   0.0 |   308
               +---------+---------+-------+---------+---------+-------+---------
